 Dungeon Crawl Stone Soup version 0.30.1-9-gdf580d7c3d (webtiles) character file.

Game seed: 9668162796036359239

44822 KittyFluff the Basher (level 14, -8/90 HPs)
             Began as a Gargoyle Berserker on Oct 6, 2023.
             Was a High Priest of Trog.
             Mangled by a death yak (10 damage)
             ... on level 4 of the Lair of Beasts.
             The game lasted 01:25:27 (18491 turns).

KittyFluff the Basher (Gargoyle Berserker)         Turns: 18491, Time: 01:25:28

Health: -8/90      AC: 24    Str: 27    XL:     14   Next: 30%
Magic:  14/14      EV: 14    Int:  7    God:    Trog [*****.]
Gold:   990        SH:  0    Dex:  9    Spells: 13/13 levels left

rFire   x . .        o - +3 morningstar (flame)
rCold   + + .        (no shield)
rNeg    + . .        U - +1 leather armour {rC+}
rPois   ∞            p - +2 hat
rElec   +            X - +1 cloak
rCorr   .            y - +0 pair of gloves
SInv    .            i - +0 pair of boots
Will    ++...        f - amulet of reflection Stlth
                     P - ring of ice
HPRegen 0.35/turn    S - ring of willpower
MPRegen 0.14/turn

%: reflection
@: confused, ambrosia-drunk, flying
A: sickness immunity, AC +10, big wings, negative energy resistance 1,
electricity resistance, torment resistance 1, petrification resistance
a: Renounce Religion, Berserk, Trog's Hand, Brothers in Arms


You were on level 4 of the Lair of Beasts.
You worshipped Trog.
Trog was extremely pleased with you.
You visited 2 branches of the dungeon, and saw 15 of its levels.
You also visited: Ice Cave.

You collected 1182 gold pieces.
You spent 192 gold pieces at shops.

Inventory:

Hand Weapons
 a - a +1 antimagic great mace
 o - a +3 morningstar of flaming (weapon)
 T - a +0 quarterstaff of freezing
 Z - a +0 hand crossbow
Missiles
 b - 41 poisoned darts
 u - 9 javelins (quivered)
 H - 3 atropa-tipped darts
 I - a curare-tipped dart
 O - 6 boomerangs
 R - a throwing net
Armour
 i - a +0 pair of boots (worn)
 p - a +2 hat (worn)
 t - a +2 chain mail of cold resistance
 y - a +0 pair of gloves (worn)
 F - a +1 ring mail of willpower
 U - a +1 leather armour of cold resistance (worn)
 X - a +1 cloak (worn)
Jewellery
 f - an amulet of reflection (around neck)
 P - a ring of ice (left hand)
 S - a ring of willpower (right hand)
 Y - a ring of resist corrosion
Wands
 c - a wand of roots (9)
 n - a wand of quicksilver (5)
 B - a wand of flame (53)
 L - a wand of polymorph (7)
 W - a wand of charming (15)
Scrolls
 d - 4 scrolls of fog
 e - 7 scrolls of poison
 j - 4 scrolls of vulnerability
 k - 5 scrolls of blinking
 l - 2 scrolls of amnesia {unknown}
 m - 3 scrolls of enchant armour {unknown}
 s - 2 scrolls of enchant weapon {unknown}
 v - 5 scrolls of magic mapping {unknown}
 w - 2 scrolls of butterflies {unknown}
 x - 5 scrolls of fear {unknown}
 A - a scroll of teleportation
 D - 2 scrolls of acquirement {unknown}
 G - a scroll of torment {unknown}
 M - a scroll of immolation {unknown}
 N - a scroll of silence {unknown}
Potions
 g - 3 potions of might
 h - 2 potions of resistance
 q - 4 potions of lignification
 r - 2 potions of attraction
 z - a potion of flight
 C - 2 potions of curing
 E - 6 potions of mutation
 V - a potion of invisibility
Miscellaneous
 J - a condenser vane
 Q - a box of beasts


   Skills:
 + Level 11.2 Fighting
 * Level 14.2 Maces & Flails
 + Level 5.6 Ranged Weapons
 + Level 13.9 Armour
 + Level 8.5 Dodging
 + Level 5.2 Evocations


You had 13 spell levels left.
You didn't know any spells.
Your spell library was empty.

Dungeon Overview and Level Annotations

Branches:
Dungeon (11/15)            Temple (0/1) D:6            Lair (4/5) D:11
 Shoals (0/4) Lair:2        Snake (0/4) Lair:2        IceCv (visited)
  Slime: Lair:4-5       Orc: D:9-12

Altars:
Dithmenos
Gozag
Hepliaklqana
Kikubaaqudgha
Sif Muna
Uskayaw

Shops:
D:7 [(   D:8 *


Innate Abilities, Weirdness & Mutations

You are immune to sickness and miasma.
Your stone body is resilient. (AC +10)
You are immune to poison.
Your large and strong wings let you fly.
You resist negative energy. (rN+)
You are resistant to electric shocks. (rElec)
You are resistant to unholy torment.
You are immune to petrification.


Message History

The komodo dragon bites you!
You bludgeon the komodo dragon!! You burn the komodo dragon.
You kill the komodo dragon!
Trog accepts your kill.
You hear a bellow!
You impale the death yak!! You burn the death yak.
The death yak is heavily wounded.
A death yak comes into view. x2
The death yak gores you but does no damage.
The yak gores you.
You hit the death yak but do no damage. You block the death yak's attack.
The death yak misses you.
You hit the death yak. You burn the death yak.
The death yak is lightly wounded.
You completely miss the death yak.
The death yak is lightly wounded.
The death yak gores you!
The death yak gores you but does no damage.
You hit the death yak but do no damage.
The death yak is lightly wounded.
You block the death yak's attack. The death yak gores you!
The death yak gores you.
You sock the death yak! You burn the death yak.
The death yak is moderately wounded.
The death yak gores you but does no damage.
You block the death yak's attack. The death yak gores you.
You bludgeon the death yak!! You burn the death yak!
The death yak is heavily wounded.
The death yak gores you!
* * * LOW HITPOINT WARNING * * *
The death yak gores you!
* * * LOW HITPOINT WARNING * * *
You block the death yak's attack.
You feel better. The death yak completely misses you.
The death yak barely misses you. The death yak closely misses you.
You are confused.
You feel invigorated. The death yak gores you!
* * * LOW HITPOINT WARNING * * *
The death yak gores you!
You die...

#...P...### . #
##....<.#.##...
#.#....†......
#.###.....#P..
##.#.#...##....
####.....#.[......
#........#.........
#.....#YY#...###.#.#
##.## #@##..## ....#
# #Y#..#. #..###


#YY ...# #..# #Y#..... ###... #.#.# #...#.#. #.# . ........ #.# #. ........ #.#
## ..#...... #........ You could see 5 death yaks and a yak.

Vanquished Creatures
  A reaper (IceCv)
  Fannar (D:10)
  3 two-headed ogres
  A centaur warrior (D:11)
  6 hydras
  An alligator (Lair:3)
  Erica (D:10)
  A death yak (Lair:2)
  Nergalle (D:11)
  2 skysharks
  A fire crab (Lair:2)
  A deep troll (D:10)
  An ugly thing (IceCv)
  3 manticores
  Joseph (Lair:1)
  8 elephants
  5 black mambas
  Maurice (D:11)
  2 ice statues (IceCv)
  9 cane toads
  3 torpor snails (Lair:2)
  Maggie (D:9)
  2 komodo dragons (Lair:4)
  An anaconda simulacrum (IceCv)
  2 kobold demonologists (D:11)
  4 ice devils (IceCv)
  2 rime drakes (Lair:2)
  A troll (D:11)
  2 hornets
  7 dream sheep (Lair:3)
  A polar bear (Lair:2)
  13 blink frogs
  A shadow (D:10)
  A vampire (D:11)
  2 wyverns
  2 wraiths (D:11)
  27 yaks
  8 basilisks
  2 dire elephant simulacra (IceCv)
  2 steam dragons
  3 nagas (Lair:2)
  6 harpy simulacra (IceCv)
  A hydra simulacrum (IceCv)
  13 water moccasins
  9 black bears
  2 ogres (D:6)
  9 centaurs
  11 wolves
  3 phantoms
  16 bullfrogs
  3 kobold brigands
  A two-headed ogre simulacrum (IceCv)
  3 scorpions (D:6)
  14 wights
  6 killer bees
  3 howler monkeys (D:9)
  An electric eel (Lair:2)
  2 hounds (D:6)
  2 jellies (D:6)
  4 sleepcaps
  2 orc priests
  A gnoll bouda (D:5)
  3 iguanas
  4 orc wizards
  A polar bear simulacrum (IceCv)
  10 adders
  5 gnolls
  A naga simulacrum (IceCv)
  13 white imps
  An ufetubus (IceCv)
  3 worms
  A dart slug (D:1)
  13 orcs
  10 ball pythons
  9 endoplasms
  2 giant cockroaches
  7 hobgoblins
  7 jackals
  A quokka (D:3)
  8 bats
  5 frilled lizards
  7 goblins
  19 kobolds
  4 rats
383 creatures vanquished.

Vanquished Creatures (others)
  An orc wizard (D:11)
  2 kobolds (D:10)
3 creatures vanquished.

Grand Total: 386 creatures vanquished

Notes
Turn   | Place    | Note
-------+----------+-------------------------------------------
     0 | D:1      | KittyFluff the Gargoyle Berserker began the quest for the
                  | Orb.
     0 | D:1      | Reached XP level 1. HP: 14/14 MP: 1/1
   250 | D:1      | Reached XP level 2. HP: 13/19 MP: 2/2
   451 | D:1      | Reached XP level 3. HP: 23/23 MP: 3/3
   606 | D:1      | Reached ** piety under Trog
   996 | D:2      | Reached XP level 4. HP: 29/29 MP: 4/4
  1775 | D:3      | Found an ancient bone altar of Kikubaaqudgha.
  1879 | D:3      | Reached skill level 4 in Maces & Flails
  1922 | D:3      | Reached XP level 5. HP: 17/33 MP: 5/5
  2236 | D:3      | Found a faded altar of an unknown god.
  2588 | D:4      | Noticed a black bear
  2596 | D:4      | Killed a black bear
  2597 | D:4      | Reached XP level 6. HP: 38/38 MP: 6/6
  2943 | D:4      | You fall into a shaft and drop 1 floor!
  2943 | D:5      | Entered Level 5 of the Dungeon
  3095 | D:5      | Reached *** piety under Trog
  3096 | D:5      | Reached skill level 5 in Maces & Flails
  3215 | D:5      | Reached XP level 7. HP: 44/44 MP: 7/7
  3331 | D:5      | Reached skill level 5 in Armour
  3404 | D:5      | Identified the +4 rapier "Ezonteddi" {freeze, *Rage rF+
                  | rCorr Int+2}
  4028 | D:6      | Found a staircase to the Ecumenical Temple.
  4181 | D:6      | Reached skill level 5 in Fighting
  4181 | D:6      | Reached skill level 6 in Maces & Flails
  4181 | D:6      | Reached XP level 8. HP: 36/49 MP: 8/8
  4454 | D:6      | Found a hide-covered altar of Uskayaw.
  4456 | D:6      | Found a shimmering blue altar of Sif Muna.
  4597 | D:6      | Found a shadowy altar of Dithmenos.
  4963 | D:6      | HP: 1/75 [steam dragon] (11)]
  5268 | D:7      | Found Roataagg's Armour Shoppe.
  5304 | D:7      | Reached skill level 7 in Maces & Flails
  5535 | D:7      | Reached XP level 9. HP: 32/55 MP: 9/9
  5747 | D:7      | Found Tepnoly's Weapon Emporium.
  6294 | D:7      | Bought a +1 ring mail of willpower for 192 gold pieces
  6687 | D:8      | Reached skill level 8 in Maces & Flails
  7122 | D:8      | Found Gozag's Platinum Reserve.
  7174 | D:8      | Found an opulent altar of Gozag.
  8036 | D:9      | Noticed Maggie
  8064 | D:9      | Killed Maggie
  8065 | D:9      | Reached XP level 10. HP: 37/61 MP: 10/10
  8703 | D:9      | Reached skill level 5 in Dodging
  8981 | D:9      | Reached skill level 9 in Maces & Flails
  9517 | D:10     | Entered Level 10 of the Dungeon
  9615 | D:10     | Noticed Fannar
  9807 | D:10     | Noticed a two-headed ogre
  9817 | D:10     | Killed a two-headed ogre
  9872 | D:10     | Noticed a deep troll
  9881 | D:10     | Killed a deep troll
  9882 | D:10     | Reached skill level 10 in Armour
 10151 | D:10     | Noticed Erica
 10166 | D:10     | Killed Erica
 10224 | D:10     | Noticed a two-headed ogre
 10335 | D:10     | Killed a two-headed ogre
 10336 | D:10     | Reached skill level 10 in Maces & Flails
 10502 | D:10     | Killed Fannar
 10503 | D:10     | Reached XP level 11. HP: 24/68 MP: 11/11
 10718 | D:11     | Noticed a manticore
 10728 | D:11     | Killed a manticore
 11013 | D:11     | Reached **** piety under Trog
 11192 | D:11     | Noticed Maurice
 11227 | D:11     | Killed Maurice
 11370 | D:11     | Noticed a centaur warrior
 11378 | D:11     | Noticed Nergalle
 11412 | D:11     | Killed a centaur warrior
 11424 | D:11     | Killed Nergalle
 11425 | D:11     | Reached skill level 11 in Maces & Flails
 11608 | D:11     | Found a staircase to the Lair.
 11803 | D:11     | Reached XP level 12. HP: 37/76 MP: 12/12
 11980 | D:11     | Noticed a two-headed ogre
 11989 | D:11     | Killed a two-headed ogre
 12195 | Lair:1   | Entered Level 1 of the Lair of Beasts
 12450 | Lair:1   | Found a shadowy altar of Dithmenos.
 12622 | Lair:1   | Noticed Joseph
 12637 | Lair:1   | Killed Joseph
 12950 | Lair:2   | Reached ***** piety under Trog
 12962 | Lair:2   | Reached skill level 1 in Ranged Weapons
 13076 | Lair:2   | Reached skill level 1 in Evocations
 13100 | Lair:2   | Reached skill level 12 in Maces & Flails
 13357 | Lair:2   | Noticed a death yak
 13357 | Lair:2   | Noticed an alligator
 13358 | Lair:2   | Noticed a four-headed hydra
 13358 | Lair:2   | Noticed an eight-headed hydra
 13382 | Lair:3   | Killed an alligator
 13832 | Lair:3   | Received a gift from Trog
 13979 | Lair:3   | Noticed a skyshark
 14000 | Lair:3   | Killed a skyshark
 14026 | Lair:3   | Noticed a five-headed hydra
 14042 | Lair:3   | Killed a five-headed hydra
 14183 | Lair:3   | Noticed an eight-headed hydra
 14210 | Lair:3   | Killed an eight-headed hydra
 14211 | Lair:3   | Reached skill level 10 in Fighting
 14286 | Lair:3   | Reached XP level 13. HP: 82/82 MP: 13/13
 14569 | Lair:2   | Reached skill level 13 in Maces & Flails
 14936 | Lair:2   | Found a staircase to the Shoals.
 15866 | Lair:2   | Found a staircase to the Snake Pit.
 16453 | Lair:3   | You fall into a shaft and drop 1 floor!
 16453 | Lair:4   | Found a hazy altar of Hepliaklqana.
 16543 | Lair:4   | Identified the +8 falchion "Kaga" {antimagic, rF++ Int+4}
 16613 | Lair:4   | Found a frozen archway.
 16659 | IceCv    | Entered an ice cave
 16717 | IceCv    | Reached skill level 5 in Ranged Weapons
 17098 | IceCv    | Received a gift from Trog
 17245 | IceCv    | Gained mutation: Your large and strong wings let you fly.
                  | [Gargoyle growth]
 17245 | IceCv    | Reached XP level 14. HP: 80/90 MP: 14/14
 17426 | IceCv    | Noticed a reaper
 17447 | IceCv    | Killed a reaper
 17885 | Lair:4   | Reached skill level 14 in Maces & Flails
 18039 | Lair:4   | Reached skill level 5 in Evocations
 18489 | Lair:4   | HP: 1/90 [death yak (16)]
 18491 | Lair:4   | Mangled by a death yak

Illustrated notes

Levels and vault maps discovered:
D:1:      shiori_shiawase, layout_basic, serial_glass, glass_columns_a,
          glass_columns_b, minmay_stone_trees_small, st_stairs_14,
          hangedman_glass_teeth
D:2:      layout_loops_cross, minmay_fractal_squares_gapless_5
D:3:      layout_basic, kiku_gazebo_pond_becter, ebering_ecumenical_altar_webs,
          minivault_14, minivault_23
D:4:      layout_rooms, chequers_serial_rivers_micro_c
D:5:      layout_loops_ring
D:6:      layout_cave_pools, grunt_temple_overflow_open, temple_doors_e,
          fountainhead, hangedman_abyss_or_decor_passed, minmay_misc_feat_chi
D:7:      layout_loops_ring, serial_shops, shop, nicolae_shop_back_alley_shop
D:8:      layout_basic, nicolae_gozag_zags_fifth_avenue
D:9:      layout_loops_cross, serial_co_window_serial, co_window_corner_a,
          co_window_paths_a, co_window_corner_a, co_window_of_opportunity_a,
          co_window_paths_a, co_window_of_opportunity_a, co_window_2corner,
          co_window_corner_b, co_window_unsneaky_path_b, co_window_corner_cb,
          co_window_2corner, co_window_corner_b, co_window_broadway_b,
          co_window_paths_d, co_window_4corner_a, glass_columns_a,
          glass_columns_c, glass_columns_a, uniq_maggie
D:10:     layout_rooms, kennysheep_just_a_vault, uniq_fannar, uniq_erica
D:11:     layout_roguey, due_lair_maze_entry_diamond, uniq_nergalle,
          uniq_maurice
Lair:1:   layout_chaotic_city, basic_altar, grunt_megastairs_3, uniq_joseph
Lair:2:   nzn_winding_woodlands_three_and_one
          [nzn_winding_woodlands_5x15_pathside_ponds,
          nzn_winding_woodlands_5x15_pockets, nzn_winding_woodlands_5x15_zeroes,
          nzn_winding_woodlands_center_garden], layout_regular_city,
          minmay_shoals_entry_centaurs, nicolae_snake_entry_squirm,
          nicolae_lair_lakeside_cave
Lair:3:   layout_hall_layers, serial_bayou_shore_b, grunt_megastairs_1,
          lemuel_fruit_tree
Lair:4:   cheibrodos_lair_river_kwai, layout_loops_ring, basic_altar,
          portal_ice_cave_entry_imps, beast_lair_carwin_8

Skill      XL: |  1  2  3  4  5  6  7  8  9 10 11 12 13 14 |
---------------+-------------------------------------------+-----
Armour         | 3 4 5 7 9 10 12 13 | 13.9
Dodging        | 2 3 4 5 6 7 8 |  8.5
Maces & Flails | 4 5 6 7 8 10 11 12 13 14 | 14.2
Fighting       | 4 5 6 8 9 10 11 | 11.2
Ranged Weapons | 3 5 |  5.6
Evocations     | 2 4 5 |  5.2

Action                     |  1- 3 |  4- 6 |  7- 9 | 10-12 | 13-15 || total
---------------------------+-------+-------+-------+-------+-------++-------
  Melee: Mace              |   136 |   214 |   452 |    26 |       ||   828
         Punch             |       |     1 |     3 |    12 |     6 ||    22
         Flail             |       |       |       |   618 |   477 ||  1095
         Morningstar       |       |       |       |       |   147 ||   147
   Fire: Shortbow          |       |       |       |     1 |       ||     1
         Hand crossbow     |       |       |       |    48 |    21 ||    69
  Throw: Dart              |       |       |       |    12 |       ||    12
         Javelin           |       |       |       |       |     1 ||     1
 Invoke: Berserk           |       |     2 |     7 |     4 |     5 ||    18
         Trog's Hand       |       |       |       |       |     1 ||     1
         Brothers in Arms  |       |       |       |       |     1 ||     1
  Evoke: Wand              |       |       |       |       |     1 ||     1
    Use: Scroll            |       |     2 |     5 |     6 |     8 ||    21
         Potion            |       |       |       |     4 |     9 ||    13
 Armour: Leather armour    |    64 |    72 |    84 |       |   108 ||   328
         Ring mail         |       |       |    74 |   278 |   223 ||   575
         Skin              |       |       |       |    59 |       ||    59
  Dodge: Dodged            |    85 |   108 |   239 |   301 |   354 ||  1087
  Block: Other             |     7 |    57 |   111 |   141 |   148 ||   464
         Reflection        |       |     2 |     1 |    10 |     7 ||    20
